 Dungeon Crawl Stone Soup version 0.31-a0-846-gb3bcc0d938 (webtiles) character file.

Game seed: 6601378875264895029

55 Pixllover the Chopper (level 3, -8/33 HPs)
             Began as a Hill Orc Monk on Oct 4, 2023.
             Mangled by Jessica
             ... wielding a +1 dagger of electrocution
              (18 damage)
             ... on level 2 of the Dungeon.
             The game lasted 00:01:42 (1126 turns).

Pixllover the Chopper (Hill Orc Monk)               Turns: 1126, Time: 00:01:43

Health: -8/33      AC: 11    Str: 15    XL:     3   Next: 93%
Magic:  3/3        EV:  4    Int: 10    God:
Gold:   80         SH:  0    Dex: 13    Spells: 2/2 levels left

rFire   . . .        a - +0 hand axe
rCold   . . .        d - orb {light}
rNeg    . . .        f - +0 plate armour
rPois   .            (no helmet)
rElec   .            (no cloak)
rCorr   .            (no gloves)
SInv    .            b - +0 pair of boots
Will    .....        (no amulet) Stlth
                     (no ring)
HPRegen 0.25/turn    (no ring)
MPRegen 0.08/turn

%: no passive effects
@: glowing
A: no striking features
a: no special abilities


You were on level 2 of the Dungeon.
You visited 1 branch of the dungeon, and saw 2 of its levels.

You collected 80 gold pieces.

Inventory:

Hand Weapons
 a - a +0 hand axe (weapon)
Armour
 b - a +0 pair of boots (worn)
 d - an orb of light (worn)
 f - a +0 plate armour (worn)
Jewellery
 g - a ring of protection from cold
Scrolls
 e - 2 scrolls of identify {unknown}
 h - a scroll of silence {unknown}
Potions
 c - a potion of ambrosia


   Skills:
 + Level 4.3 Fighting
 + Level 4.9 Axes
 + Level 1.1 Armour
 + Level 2.7 Dodging


You had 2 spell levels left.
You didn't know any spells.
Your spell library contained the following spells:

 Spells                   Type           Power      Damage    Failure   Level
 Kiss of Death            Conj/Necr      0%         2d5       100%        1
 Confusing Touch          Hex            0%         N/A       100%        3
 Dispel Undead            Necr           0%         3d6       100%        4


Dungeon Overview and Level Annotations

Branches:
Dungeon (2/15)

Altars:

Annotations:
D:2 Jessica


Message History

Jessica is wielding a +1 dagger of electrocution.
Jessica shouts!
The kobold shouts!
Found a tattered book and an emerald potion.
There is an open door here.
Jessica casts a spell.
Jessica blinks!
The quokka bites you but does no damage.
You barely miss the quokka.
The quokka bites you but does no damage.
Jessica shouts, "You're disturbing me!
I'll have to kill you!"
The quokka bites you but does no damage.
You barely miss the quokka.
Jessica casts a spell.
Jessica blinks!
The quokka bites you but does no damage.
You hit the quokka but do no damage.
The quokka bites you but does no damage.
Jessica gestures wildly while chanting.
Jessica blinks!
You hit the quokka.
You kill the quokka!
Jessica gestures at you while chanting.
You barely resist.
The kobold throws a stone.
The stone hits you but does no damage. The kobold hits you but does no damage.
There is an open door here.
You see here a quokka corpse.
You hit the kobold.
You kill the kobold!
Jessica attacks as she pursues you!
Jessica hits you with a +1 dagger of electrocution.
You are electrocuted!
Ouch! That really hurt!
Things that are here:
a +0 short sword; 3 stones Jessica attacks as she pursues you!
Jessica hits you with a +1 dagger of electrocution.
You are electrocuted!!
Ouch! That really hurt!
You die...

#.##.# #†# #.##.
##.##>###.# #.##.
##..##..##.########....
##.......##.............
#.........#.......######
#...#####..#.####.#
#..##..:##...# #.#
#..#.....#...## #.#
#..#...@@†....# #.#
#..#.....#...## #.#
#..##.!.##..## #..
##..#####..## ###
#........## #.......##
##.#.#### #...# ###.#


You could see Jessica.

Vanquished Creatures
  An adder (D:2)
  A worm (D:2)
  2 dart slugs
  An orc (D:2)
  A bat (D:1)
  An endoplasm (D:1)
  2 giant cockroaches (D:1)
  7 goblins
  7 hobgoblins
  2 quokkas
  3 ball pythons (D:1)
  2 frilled lizards (D:1)
  2 kobolds
32 creatures vanquished.

Notes
Turn   | Place    | Note
-------+----------+-------------------------------------------
     0 | D:1      | Pixllover the Hill Orc Monk began the quest for the Orb.
     0 | D:1      | Reached XP level 1. HP: 19/19 MP: 1/1
   169 | D:1      | Reached XP level 2. HP: 27/27 MP: 2/2
   371 | D:1      | Reached XP level 3. HP: 22/33 MP: 3/3
  1013 | D:2      | Reached skill level 1 in Armour
  1114 | D:2      | Noticed Jessica
  1126 | D:2      | Mangled by Jessica

Illustrated notes

Levels and vault maps discovered:
D:1:      co_arrival_random_square_maze, layout_loops_ring,
          minmay_close_crescents
D:2:      layout_loops_ring, kennysheep_jessica_study

Skill      XL: |  1  2  3 |
---------------+----------+-----
Fighting       | 4 |  4.3
Armour         | 1 |  1.1
Axes           | |  4.9
Dodging        | |  2.7

Action                     || total
---------------------------++-------
  Melee: Hand axe          ||    87
    Use: Scroll            ||     1
 Armour: Plate armour      ||    83
         Robe              ||     2
  Dodge: Dodged            ||    14

Table legend: (Time is in decaauts)
 A = Elapsed time spent in this place.
 B = Non-inter-level travel time spent in this place.
 C = Inter-level travel time spent in this place.
 D = Time resting spent in this place.
 E = Time spent auto-exploring this place.
 F = Levels seen in this place.
 G = Mean time per level.
                   A        B        C        D        E       F      G
               +--------+--------+--------+--------+--------+-----+--------+
         Total |   1132 |   1119 |     13 |     81 |    738 |   2 |  566.0 |
       Dungeon |   1132 |   1119 |     13 |     81 |    738 |   2 |  566.0 |
               +--------+--------+--------+--------+--------+-----+--------+

Top non-repeatable levels by time:
     D:1: 702 daAuts
     D:2: 430 daAuts
